 Dungeon Crawl Stone Soup version 0.26.1-11-gd32895ea62 (webtiles) character file.

Game seed: 3268830696960608367

31 bpung the Shield-Bearer (level 3, -4/24 HPs)
             Began as a Gargoyle Fighter on June 2, 2021.
             Slain by a water moccasin (5 damage)
             ... on level 2 of the Dungeon.
             The game lasted 00:02:08 (1035 turns).

bpung the Shield-Bearer (Gargoyle Fighter)          Turns: 1035, Time: 00:02:09

Health: -4/24      AC: 14    Str: 18 (20) XL:     3   Next: 22%
Magic:  3/3        EV:  5    Int:  7 (8)  God:
Gold:   91         SH:  9    Dex:  8 (9)  Spells: 2/2 levels left

rFire    . . .     SeeInvis .   a - +0 flail
rCold    . . .     Faith    .   c - +0 kite shield
rNeg     + . .     Spirit   .   g - +0 chain mail
rPois    ∞         Reflect  .   (no helmet)
rElec    +         Harm     .   l - +0 cloak
rCorr    .         Rampage  .   (no gloves)
Will     .....                  b - +0 pair of boots
Stlth    ..........             (no amulet)
HPRegen  0.08/turn              (no ring)
MPRegen  0.08/turn              (no ring)

@: no status effects
A: negative energy resistance 1, electricity resistance, unbreathing,
petrification resistance, miasma immunity, AC +3
a: no special abilities


You were on level 2 of the Dungeon.
You visited 1 branch of the dungeon, and saw 2 of its levels.

You collected 91 gold pieces.

Inventory:

Hand Weapons
 a - a +0 flail (weapon)
Missiles
 f - 17 poisoned darts (quivered)
Armour
 b - a +0 pair of boots (worn)
 c - a +0 kite shield (worn)
 g - a +0 chain mail (worn)
 l - a +0 cloak (worn)
Jewellery
 h - a cursed amulet of inaccuracy {unknown}
Scrolls
 i - a scroll of enchant weapon {unknown}
 k - 3 scrolls of identify {unknown}
 n - a scroll of teleportation {unknown}
 p - a scroll of random uselessness {unknown}
Potions
 d - a potion of might
 j - a potion of flight {unknown}
 m - a potion of heal wounds {unknown}
 o - a potion of haste {unknown}


   Skills:
 + Level 3.6 Fighting
 + Level 2.4 Maces & Flails
 + Level 3.7 Armour
 + Level 3.7 Shields


You had 2 spell levels left.
You didn't know any spells.
Your spell library was empty.

Dungeon Overview and Level Annotations

Branches:
Dungeon (2/15)

Altars:


Innate Abilities, Weirdness & Mutations

You are resistant to torment.
Your stone body is resilient. (AC +3)
You are immune to poison.
You resist negative energy. (rN+)
You are resistant to electric shocks. (rElec)
You can survive without breathing.
You are immune to petrification.
You are immune to miasma.


Message History

The water moccasin is severely wounded.
The water moccasin bites you but does no damage. x2
You miss the water moccasin.
The water moccasin is severely wounded.
You block the water moccasin's attack. The water moccasin bites you.
* * * LOW HITPOINT WARNING * * *
It was a potion of degeneration.
There was something very wrong with that liquid.
You feel weakened.
You feel dopey.
You feel clumsy. You block the water moccasin's attack.
The water moccasin closely misses you.
You miss the water moccasin.
The water moccasin is severely wounded.
The water moccasin bites you but does no damage.
You miss the water moccasin.
The water moccasin is severely wounded.
You block the water moccasin's attack. x2
You barely miss the water moccasin.
The water moccasin is severely wounded.
The water moccasin bites you.
You die...

##########.# #.....#
...........# ##...##
###.##.##### ##.## #
#.##.# #.# # #.##.#
#.# # #....# ##'## #
####.# ##...##
######.# ##.....##
....†..## #./.@...#
#####...####....S....#
#.......+.........+
##...####.........#
#....# ##.......##
#....# ##.....##
####.# ##...## #.#
##+## ##.#######.#


You could see a water moccasin.

Vanquished Creatures
  2 worms (D:2)
  3 dart slugs
  A ball python (D:2)
  A bat (D:2)
  2 giant cockroaches (D:1)
  2 goblins (D:1)
  5 hobgoblins
  A rat (D:1)
17 creatures vanquished.

Notes
Turn   | Place    | Note
-------+----------+-------------------------------------------
     0 | D:1      | bpung the Gargoyle Fighter began the quest for the Orb.
     0 | D:1      | Reached XP level 1. HP: 14/14 MP: 1/1
   200 | D:1      | Reached XP level 2. HP: 19/19 MP: 2/2
   894 | D:2      | Reached XP level 3. HP: 23/23 MP: 3/3
  1019 | D:2      | Noticed a water moccasin
  1031 | D:2      | HP: 1/24 [water moccasin (3)]
  1035 | D:2      | Slain by a water moccasin

Illustrated notes

Levels and vault maps discovered:
D:1:      dpeg_arrival_concentric_ovals, layout_basic, solitary_fountain,
          corner_web_ring, skrybe_limestone_x, glass_columns_b,
          lemuel_another_geyser
D:2:      layout_loops_corners

Action                   || total
-------------------------++-------
Melee: Flail             ||    59
  Use: Potion            ||     1
Armor: Chain mail        ||    26
       Scale mail        ||     1
Dodge: Dodged            ||    14
Block: Kite shield       ||    24
